TOP OF THE 1ST |
Philadephia 1776 BC batting - Pitching for Chicago Gold Sox : RHP Héctor Alarcon
|
Pitching: RHP Héctor Alarcon
|
|
Batting: LHB Manuel García
|
0-0: Ball 1-0: Foul Ball, location: 2F 1-1: SINGLE (Groundball, 34D)
|
Batting: RHB Iván Pérez
|
0-0: Ball 1-0: Foul Ball, location: 2F 1-1: Ball 2-1: Swinging Strike 2-2: Strikes out looking
|
Batting: LHB Chris Nelson
|
0-0: Called Strike 0-1: Ball 1-1: Foul Ball, location: 2F 1-2: Ball 2-2: Strikes out swinging
|
Batting: RHB Carl Good
|
0-0: Ball 1-0: Fly out, F8 (Flyball, 8LM)
|
Top of the 1st over - 0 run(s), 1 hit(s), 0 error(s), 1 left on base; Philadephia 1776 0 - Chicago 0 |
BOTTOM OF THE 1ST |
Chicago Gold Sox batting - Pitching for Philadephia 1776 BC : LHP Walt Johnston
|
Pitching: LHP Walt Johnston
|
|
Batting: RHB John Farrell
|
0-0: Called Strike 0-1: Ball 1-1: Ground out 6-3 (Groundball, 6)
|
Batting: RHB Daniel Lallanilla
|
0-0: Called Strike 0-1: Swinging Strike 0-2: Ball 1-2: Ball 2-2: Ball 3-2: Fly out, F7 (Flyball, 78D)
|
Batting: LHB Noel Ballard
|
0-0: Fly out, F4 (Line Drive, 4)
|
Bottom of the 1st over - 0 run(s), 0 hit(s), 0 error(s), 0 left on base; Philadephia 1776 0 - Chicago 0 |
TOP OF THE 2ND |
Philadephia 1776 BC batting - Pitching for Chicago Gold Sox : RHP Héctor Alarcon
|
Batting: RHB Yuji Ine
|
0-0: Ball 1-0: Ground out 5-3 (Groundball, 5L)
|
Batting: RHB Lúcio Montoya
|
0-0: Foul Ball, location: 2F 0-1: Ball 1-1: Swinging Strike 1-2: Fly out, F7 (Flyball, 78M)
|
Batting: LHB Ricardo Hernández
|
0-0: Ball 1-0: Ball 2-0: Ball 3-0: Called Strike 3-1: Base on Balls
|
Batting: RHB Soseki Matsunaga
|
0-0: Ball 1-0: Called Strike 1-1: Foul Ball, location: 2F 1-2: Ball 2-2: Foul Ball, location: 2F 2-2: Strikes out swinging
|
Top of the 2nd over - 0 run(s), 0 hit(s), 0 error(s), 1 left on base; Philadephia 1776 0 - Chicago 0 |
BOTTOM OF THE 2ND |
Chicago Gold Sox batting - Pitching for Philadephia 1776 BC : LHP Walt Johnston
|
Batting: RHB Pablo Trujillo
|
0-0: Called Strike 0-1: Ball 1-1: Foul Ball, location: 2F 1-2: Strikes out swinging
|
Batting: RHB Juan Orozco
|
0-0: Ball 1-0: Foul Ball, location: 2F 1-1: Ball 2-1: Swinging Strike 2-2: Fly out, F4 (Popup, 3D)
|
Batting: RHB Mike Brown
|
0-0: Ball 1-0: Called Strike 1-1: Ball 2-1: Swinging Strike 2-2: Fly out, F7 (Flyball, 7LD)
|
Bottom of the 2nd over - 0 run(s), 0 hit(s), 0 error(s), 0 left on base; Philadephia 1776 0 - Chicago 0 |
TOP OF THE 3RD |
Philadephia 1776 BC batting - Pitching for Chicago Gold Sox : RHP Héctor Alarcon
|
Batting: LHB Walt Johnston
|
0-0: Foul Ball, location: 2F 0-1: Ball 1-1: Foul Ball, location: 2F 1-2: Strikes out swinging
|
Batting: LHB Manuel García
|
0-0: Hit by Pitch
|
Pinch Runner at 1st Sébastien Rolland:
|
|
Batting: RHB Iván Pérez
|
0-0: Ball 1-0: Reached on error, E5 (Groundball, 56) Sébastien Rolland to second
|
Batting: LHB Chris Nelson
|
0-0: Ball 1-0: Ball Balk! Sébastien Rolland to third Iván Pérez to second 2-0: SINGLE (Line Drive, 4M) Sébastien Rolland scores Iván Pérez to third
|
Batting: RHB Carl Good
|
0-0: Called Strike 0-1: Called Strike 0-2: SINGLE (Line Drive, 8LS) Iván Pérez scores Chris Nelson to second
|
Batting: RHB Yuji Ine
|
0-0: Called Strike 0-1: Ball 1-1: Ball 2-1: Grounds into double play, U5-3 (Groundball, 5L)
|
Top of the 3rd over - 2 run(s), 2 hit(s), 1 error(s), 1 left on base; Philadephia 1776 2 - Chicago 0 |
BOTTOM OF THE 3RD |
Chicago Gold Sox batting - Pitching for Philadephia 1776 BC : LHP Walt Johnston
|
Now in CF: Sébastien Rolland
|
|
Batting: LHB Norm Ortega
|
0-0: Ball 1-0: Foul Ball, location: 2F 1-1: Ball 2-1: Foul Ball, location: 2F 2-2: Ball 3-2: Foul Ball, location: 2F 3-2: Hit by Pitch
|
Batting: RHB Wayne Bannatyne
|
0-0: Called Strike 0-1: Foul Ball, location: 2F 0-2: Strikes out swinging
|
Batting: RHB Héctor Alarcon
|
0-0: Called Strike 0-1: Sac Bunt - play at first, batter OUT! 5-4 Norm Ortega to second
|
Batting: RHB John Farrell
|
0-0: Foul Ball, location: 2F 0-1: Swinging Strike 0-2: Ball 1-2: Ball 2-2: SINGLE (Groundball, 56D) Norm Ortega to third Runner from 3rd tries for Home, SAFE, throw made home
|
Batting: RHB Daniel Lallanilla
|
Pickoff Throw to First - Out!
|
Bottom of the 3rd over - 1 run(s), 1 hit(s), 0 error(s), 0 left on base; Philadephia 1776 2 - Chicago 1 |
TOP OF THE 4TH |
Philadephia 1776 BC batting - Pitching for Chicago Gold Sox : RHP Héctor Alarcon
|
Batting: RHB Lúcio Montoya
|
0-0: Swinging Strike 0-1: Ball 1-1: Foul Ball, location: 2F 1-2: Ground out 4-3 (Groundball, 4S)
|
Batting: LHB Ricardo Hernández
|
0-0: Ball 1-0: Foul Ball, location: 2F 1-1: Ball 2-1: Foul Ball, location: 2F 2-2: Foul Ball, location: 2F 2-2: Ball 3-2: Foul Ball, location: 2F 3-2: SINGLE (Groundball, 4MD)
|
Batting: RHB Soseki Matsunaga
|
0-0: Grounds into double play, U6-3 (Groundball, 6)
|
Top of the 4th over - 0 run(s), 1 hit(s), 0 error(s), 0 left on base; Philadephia 1776 2 - Chicago 1 |
BOTTOM OF THE 4TH |
Chicago Gold Sox batting - Pitching for Philadephia 1776 BC : LHP Walt Johnston
|
Batting: RHB Daniel Lallanilla
|
0-0: Called Strike 0-1: Ball 1-1: Foul Ball, location: 2F 1-2: Foul Ball, location: 2F 1-2: Foul Ball, location: 2F 1-2: Ground out 6-3 (Groundball, 6M)
|
Batting: LHB Noel Ballard
|
0-0: Called Strike 0-1: Ground out 3-1 (Groundball, 34)
|
Batting: RHB Pablo Trujillo
|
0-0: Ball 1-0: Called Strike 1-1: Ground out 2-3 (Groundball, 25)
|
Bottom of the 4th over - 0 run(s), 0 hit(s), 0 error(s), 0 left on base; Philadephia 1776 2 - Chicago 1 |
TOP OF THE 5TH |
Philadephia 1776 BC batting - Pitching for Chicago Gold Sox : RHP Héctor Alarcon
|
Batting: LHB Walt Johnston
|
0-0: Called Strike 0-1: Swinging Strike 0-2: Strikes out swinging
|
Batting: LHB Sébastien Rolland
|
0-0: Ball 1-0: DOUBLE (Flyball, 78D)
|
Batting: RHB Iván Pérez
|
0-0: Ball Sébastien Rolland steals 3rd base 1-0: Ball 2-0: Foul Ball, location: 2F 2-1: Foul Ball, location: 2F 2-2: Foul Ball, location: 2F 2-2: Ball 3-2: Base on Balls
|
Batting: LHB Chris Nelson
|
0-0: Called Strike 0-1: Ball 1-1: Called Strike 1-2: TRIPLE (Line Drive, 9LS) Sébastien Rolland scores Iván Pérez scores
|
Batting: RHB Carl Good
|
0-0: Called Strike 0-1: Ball 1-1: Called Strike 1-2: Ball 2-2: SINGLE (Line Drive, 4M) Chris Nelson scores
|
Batting: RHB Yuji Ine
|
0-0: Called Strike 0-1: Ball 1-1: Ball 2-1: Swinging Strike 2-2: Grounds into double play, 5-4-3 (Groundball, 5)
|
Top of the 5th over - 3 run(s), 3 hit(s), 0 error(s), 0 left on base; Philadephia 1776 5 - Chicago 1 |
BOTTOM OF THE 5TH |
Chicago Gold Sox batting - Pitching for Philadephia 1776 BC : LHP Walt Johnston
|
Batting: RHB Juan Orozco
|
0-0: Ball 1-0: Swinging Strike 1-1: Foul Ball, location: 2F 1-2: Ball 2-2: Fly out, F9 (Flyball, 89M)
|
Batting: RHB Mike Brown
|
0-0: Ball 1-0: Foul Ball, location: 2F 1-1: Foul Ball, location: 2F 1-2: Ball 2-2: Fly out, F9 (Flyball, 9S)
|
Batting: LHB Norm Ortega
|
0-0: Called Strike 0-1: Foul Ball, location: 2F 0-2: Ball 1-2: Foul Ball, location: 2F 1-2: Foul Ball, location: 2F 1-2: Strikes out swinging
|
Bottom of the 5th over - 0 run(s), 0 hit(s), 0 error(s), 0 left on base; Philadephia 1776 5 - Chicago 1 |
TOP OF THE 6TH |
Philadephia 1776 BC batting - Pitching for Chicago Gold Sox : RHP Héctor Alarcon
|
Batting: RHB Lúcio Montoya
|
0-0: Swinging Strike 0-1: Called Strike 0-2: Ball 1-2: Ball 2-2: Ball 3-2: SINGLE (Groundball, 13) (infield hit)
|
Batting: LHB Ricardo Hernández
|
0-0: Swinging Strike 0-1: Ball 1-1: Foul Ball, location: 2F 1-2: Strikes out looking
|
Batting: RHB Soseki Matsunaga
|
0-0: Foul Ball, location: 2F 0-1: Ball 1-1: Fly out, F8 (Flyball, 8RS)
|
Batting: LHB Walt Johnston
|
0-0: Called Strike 0-1: Called Strike 0-2: Ground out 6-3 (Groundball, 6)
|
Top of the 6th over - 0 run(s), 1 hit(s), 0 error(s), 1 left on base; Philadephia 1776 5 - Chicago 1 |
BOTTOM OF THE 6TH |
Chicago Gold Sox batting - Pitching for Philadephia 1776 BC : LHP Walt Johnston
|
Batting: RHB Wayne Bannatyne
|
Reached via error on a dropped throw, E1
|
Pinch Hitting: LHB Vicente Martínez
|
0-0: Swinging Strike 0-1: Ball 1-1: Foul Ball, location: 2F 1-2: Foul Ball, location: 2F 1-2: Ground out 3-1 (Groundball, 34) Wayne Bannatyne to second
|
Batting: RHB John Farrell
|
0-0: Ball 1-0: Ball 2-0: Foul Ball, location: 2F 2-1: Called Strike 2-2: Ball 3-2: SINGLE (Groundball, 15S) (infield hit) Wayne Bannatyne to third
|
Batting: RHB Daniel Lallanilla
|
0-0: Ball 1-0: Ball 2-0: Swinging Strike 2-1: Ball 3-1: Swinging Strike 3-2: Base on Balls John Farrell to second
|
Pitching: RHP Paul Clark
|
|
Batting: LHB Noel Ballard
|
0-0: Called Strike 0-1: Ball 1-1: Foul Ball, location: 2F 1-2: Fly out, F9 (Flyball, 89M) Runner from 3rd tags up, SCORES, throw made
|
Batting: RHB Pablo Trujillo
|
0-0: Foul Ball, location: 2F 0-1: Ball 1-1: Called Strike 1-2: Strikes out swinging
|
Bottom of the 6th over - 1 run(s), 1 hit(s), 1 error(s), 2 left on base; Philadephia 1776 5 - Chicago 2 |
TOP OF THE 7TH |
Philadephia 1776 BC batting - Pitching for Chicago Gold Sox : RHP Héctor Alarcon
|
Pitching: RHP John Hicks
|
|
Batting: LHB Sébastien Rolland
|
0-0: Ball 1-0: Fly out, F9 (Flyball, 9M)
|
Batting: RHB Iván Pérez
|
0-0: Ball 1-0: Ball 2-0: Ball 3-0: Called Strike 3-1: Ground out 6-3 (Groundball, 6MS)
|
Batting: LHB Chris Nelson
|
0-0: Ball 1-0: SINGLE (Flyball, 78S)
|
Batting: RHB Carl Good
|
0-0: Fly out, F9 (Flyball, 9LS)
|
Top of the 7th over - 0 run(s), 1 hit(s), 0 error(s), 1 left on base; Philadephia 1776 5 - Chicago 2 |
BOTTOM OF THE 7TH |
Chicago Gold Sox batting - Pitching for Philadephia 1776 BC : RHP Paul Clark
|
Batting: RHB Juan Orozco
|
0-0: Ball 1-0: Fly out, F9 (Flyball, 9M)
|
Batting: RHB Mike Brown
|
0-0: Ball 1-0: Called Strike 1-1: Ball 2-1: Called Strike 2-2: Strikes out looking
|
Batting: LHB Norm Ortega
|
0-0: Ball 1-0: Ball 2-0: Called Strike 2-1: Called Strike 2-2: Ball 3-2: Base on Balls
|
Batting: RHB Wayne Bannatyne
|
0-0: Ball 1-0: Ball 2-0: Called Strike 2-1: Fly out, F8 (Flyball, 8LM)
|
Bottom of the 7th over - 0 run(s), 0 hit(s), 0 error(s), 1 left on base; Philadephia 1776 5 - Chicago 2 |
TOP OF THE 8TH |
Philadephia 1776 BC batting - Pitching for Chicago Gold Sox : RHP John Hicks
|
Batting: RHB Yuji Ine
|
0-0: Ball 1-0: Fly out, F8 (Flyball, 8RD)
|
Batting: RHB Lúcio Montoya
|
0-0: Ground out 1-3 (Groundball, 13S)
|
Batting: LHB Ricardo Hernández
|
0-0: Called Strike 0-1: Foul Ball, location: 2F 0-2: Ball 1-2: Strikes out swinging
|
Top of the 8th over - 0 run(s), 0 hit(s), 0 error(s), 0 left on base; Philadephia 1776 5 - Chicago 2 |
BOTTOM OF THE 8TH |
Chicago Gold Sox batting - Pitching for Philadephia 1776 BC : RHP Paul Clark
|
Pinch Hitting: LHB Cristo Ramírez
|
0-0: Ball 1-0: Foul Ball, location: 2F 1-1: Called Strike 1-2: Ball 2-2: Ball 3-2: Foul Ball, location: 2F 3-2: Base on Balls
|
Pitching: LHP Brian O'Cullinan
|
|
Now at SS: Manny Hernández
|
|
Batting: RHB John Farrell
|
0-0: Ball 1-0: Ball 2-0: Foul Ball, location: 2F 2-1: Ball 3-1: Fly out, F8 (Flyball, 8LD)
|
Pitching: RHP Alberto Ortíz
|
|
Batting: RHB Daniel Lallanilla
|
0-0: Foul Ball, location: 2F 0-1: Ball 1-1: Foul Ball, location: 2F 1-2: Strikes out swinging
|
Pitching: LHP Jason Dudley
|
|
Batting: LHB Noel Ballard
|
0-0: Ground out 4-3 (Groundball, 4)
|
Bottom of the 8th over - 0 run(s), 0 hit(s), 0 error(s), 1 left on base; Philadephia 1776 5 - Chicago 2 |
TOP OF THE 9TH |
Philadephia 1776 BC batting - Pitching for Chicago Gold Sox : RHP John Hicks
|
Pitching: RHP Gene Kirkland
|
|
Batting: RHB Soseki Matsunaga
|
0-0: Ball 1-0: Called Strike 1-1: Swinging Strike 1-2: Foul Ball, location: 2F 1-2: Foul Ball, location: 2F 1-2: Strikes out looking
|
Batting: RHB Manny Hernández
|
0-0: Fly out, F6 (Popup, 6MD)
|
Batting: LHB Sébastien Rolland
|
0-0: Foul Ball, location: 2F 0-1: Called Strike 0-2: Strikes out swinging
|
Top of the 9th over - 0 run(s), 0 hit(s), 0 error(s), 0 left on base; Philadephia 1776 5 - Chicago 2 |
BOTTOM OF THE 9TH |
Chicago Gold Sox batting - Pitching for Philadephia 1776 BC : LHP Jason Dudley
|
Pitching: RHP Ray Gordon
|
|
Batting: RHB Pablo Trujillo
|
0-0: Foul Ball, location: 2F 0-1: Called Strike 0-2: Strikes out swinging
|
Batting: RHB Juan Orozco
|
0-0: Ball 1-0: Ball 2-0: Called Strike 2-1: Foul Ball, location: 2F 2-2: Fly out, F9 (Flyball, 89M)
|
Batting: RHB Mike Brown
|
0-0: Called Strike 0-1: Foul Ball, location: 2F 0-2: Strikes out looking
|
Bottom of the 9th over - 0 run(s), 0 hit(s), 0 error(s), 0 left on base; Philadephia 1776 5 - Chicago 2 |
|